 Dungeon Crawl Stone Soup version 0.29-a0-375-g5102b3be25 (webtiles) character file.

Game seed: 3382418041902587095

5971 spaghetti the Fighter (level 10, 0/60 HPs)
             Began as a Vine Stalker Fighter on May 3, 2022.
             Was a Follower of Uskayaw.
             Slain by a six-headed hydra (11 damage)
             ... on level 1 of the Lair of Beasts.
             The game lasted 00:18:38 (7699 turns).

spaghetti the Fighter (Vine Stalker Fighter)        Turns: 7699, Time: 00:18:38

Health: 0/60       AC: 22    Str: 23    XL:     10   Next: 84%
Magic:  0/11       EV:  6    Int:  8    God:    Uskayaw [*.....]
Gold:   564        SH:  4    Dex: 14    Spells: 9/9 levels left

rFire   . . .      SeeInvis .   d - +1 flail (venom) {mace}
rCold   . . .      Faith    .   c - +0 buckler
rNeg    . . .      Spirit   +   g - +0 plate armour
rPois   .          Reflect  .   (no helmet)
rElec   .          Harm     .   (no cloak)
rCorr   .          Rampage  .   (no gloves)
Will    +....                   (no boots)
Stlth   ..........              f - amulet of magic regeneration {@e2}
HPRegen 1.00/turn               x - +4 ring of protection
MPRegen 0.52/turn               C - +4 ring of protection

@: no status effects
A: fangs 3, regeneration 1, magic shield, antimagic bite, no potion heal 2
a: Renounce Religion, Stomp


You were on level 1 of the Lair of Beasts.
You worshipped Uskayaw.
Uskayaw was noncommittal.
You visited 2 branches of the dungeon, and saw 10 of its levels.
You also visited: Sewer.

You collected 564 gold pieces.


Innate Abilities, Weirdness & Mutations

You have razor-sharp teeth.
Your natural rate of healing is unusually fast.
When hurt, damage is shared between your health and your magic reserves.
Your bite disrupts and absorbs the magic of your enemies.
Potions cannot restore your health.


   Skills:
 + Level 11.0 Fighting
 - Level 1.7 Short Blades
 * Level 9.5 Armour
 - Level 2.4 Stealth
 - Level 2.6 Shields


You had 9 spell levels left.
You didn't know any spells.
Your spell library contained the following spells:

 Spells                   Type           Power      Damage    Failure   Level
 Animate Skeleton         Necr           0%         N/A       100%        1
 Freeze                   Ice            0%         1d3       100%        1
 Pain                     Necr           0%         1d4       100%        1
 Sublimation of Blood     Necr           0%         N/A       100%        2
 Wereblood                Tmut           0%         N/A       100%        2
 Dazzling Flash           Conj/Hex       0%         N/A       100%        3
 Frozen Ramparts          Ice            0%         1d2       100%        3
 Portal Projectile        Hex/Tloc       0%         N/A       100%        3
 Vampiric Draining        Necr           0%         2d6       100%        3
 Fulminant Prism          Conj/Hex       0%         3d6       100%        4
 Hailstorm                Conj/Ice       0%         3d3       100%        4
 Iskenderun's Mystic Bla  Conj/Tloc      0%         2d3       100%        4
 Petrify                  Tmut/Erth      0%         N/A       100%        4
 Summon Lightning Spire   Summ/Air       0%         N/A       100%        4
 Agony                    Necr           0%         N/A       100%        5
 Blade Hands              Tmut           0%         N/A       100%        5
 Excruciating Wounds      Necr           0%         N/A       100%        5
 Irradiate                Conj/Tmut      0%         3d13      100%        5
 Lee's Rapid Deconstruct  Erth           0%         3d5*      100%        5
 Silence                  Hex/Air        0%         N/A       100%        5
 Storm Form               Tmut/Air       0%         N/A       100%        7
 Summon Hydra             Summ           0%         N/A       100%        7
 Maxwell's Capacitive Co  Air            0%         ∞         100%        8

Inventory:

Hand Weapons
 a - a +0 rapier {short}
 d - a +1 flail of venom (weapon) {mace}
   (You found it on level 5 of the Dungeon)
 N - a +3 flail of protection {mace}
   (You took it off an orc warrior on level 7 of the Dungeon)
 R - a +2 vorpal flail {mace}
   (You found it on level 9 of the Dungeon)
Missiles
 i - a throwing net {=f!fthrowing}
 j - 5 poisoned darts (quivered) {throwing}
 k - 177 stones {throwing}
 E - 2 silver javelins {throwing}
 G - 7 boomerangs {throwing}
Armour
 b - a +0 scale mail
 c - a +0 buckler (worn)
 g - a +0 plate armour (worn)
   (You found it on level 1 of the Dungeon)
Jewellery
 f - an amulet of magic regeneration (around neck) {@e2}
   (You found it on level 1 of the Dungeon)
 x - a +4 ring of protection (left hand)
   (You found it on level 5 of the Dungeon)
 C - a +4 ring of protection (right hand)
   (You found it on level 5 of the Dungeon)
 D - a ring of poison resistance
   (You found it on level 5 of the Dungeon)
Wands
 z - a wand of digging (6)
   (You found it on level 5 of the Dungeon)
 J - a wand of paralysis (9)
   (You found it on level 6 of the Dungeon)
 K - a wand of iceblast (9)
   (You found it on level 7 of the Dungeon)
 L - a wand of flame (11)
   (You found it on level 7 of the Dungeon)
Scrolls
 h - a scroll of immolation {!r!r}
 m - 3 scrolls of noise {!r}
 n - a scroll of summoning
 o - 2 scrolls of magic mapping {!r}
 q - 2 scrolls of vulnerability {!r!r}
 t - a scroll of enchant armour
 v - 2 scrolls of teleportation {@r4}
 w - a scroll of fog
 y - a scroll of brand weapon
 I - 2 scrolls of blinking {!r}
 M - a scroll of fear
 P - a scroll of enchant weapon
 Q - a scroll of torment {unknown}
Potions
 e - 4 potions of degeneration {unknown}
 l - 6 potions of curing {@q1}
 p - a potion of invisibility {unknown}
 r - 3 potions of mutation {unknown}
 s - a potion of lignification {unknown}
 u - a potion of haste {unknown}
 A - a potion of might
 B - 2 potions of attraction {unknown}
 F - a potion of heal wounds {unknown}
 S - a potion of flight {unknown}
Miscellaneous
 H - a lightning rod (4/4)
   (You found it in a sewer)
 O - a phial of floods
   (You found it on level 9 of the Dungeon)

Dungeon Overview and Level Annotations

Branches:
Dungeon (9/15)             Temple (0/1) D:5            Lair (1/6) D:8
  Sewer (visited)
    Orc: D:9-12

Altars:
Fedhas
Kikubaaqudgha
Makhleb
Qazlal
Uskayaw
Beogh

Shops:
D:1 :=*?   D:8 (

Annotations:
Lair:1 1 transporter

## #
#...........## #
.......(.....#.
.......(......
.......(....#
#......(...#
#......(...
#....D.# ##@.#
####..##
####....##
#########......##
...............##
######..P.###...#
# ###### ###.##
##..## #P...####


You could see a six-headed hydra (very poisoned).


Message History

The bullfrog hits you but does no damage.
You sock the bullfrog!
You kill the bullfrog!
You can now pass through a line of other dancers.
You see here a bullfrog corpse.
Key pressed, stopping explore.
Key pressed, stopping explore.
Key pressed, stopping explore.
You see here a +0 quarterstaff {staff}.
A six-headed hydra comes into view.
The six-headed hydra roars!
Unknown command.
You throw a poisoned dart {throwing}.
The poisoned dart {throwing} hits the six-headed hydra.
You throw a poisoned dart {throwing}.
The poisoned dart {throwing} hits the six-headed hydra.
The six-headed hydra is poisoned.
You throw a poisoned dart {throwing}.
The poisoned dart {throwing} hits the six-headed hydra.
You throw a poisoned dart {throwing}.
The poisoned dart {throwing} hits the six-headed hydra.
The six-headed hydra looks even sicker.
You throw a poisoned dart {throwing}.
The poisoned dart {throwing} hits the six-headed hydra.
The six-headed hydra looks even sicker.
The six-headed hydra closely misses you.
The six-headed hydra bites you.
The six-headed hydra bites you but does no damage.
The six-headed hydra bites you.
The six-headed hydra bites you but does no damage.
The six-headed hydra bites you!
You are too injured to fight recklessly! 😮 HP[-19] MP[-3]
You take 19 damage, and now have 41/60 hp.
MASSIVE DAMAGE!! (PAUSE)
You lost 3 mp, and now have 8/11 mp.
You hit the six-headed hydra.
You bite the six-headed hydra, but do no damage.
The six-headed hydra bites you but does no damage.
The six-headed hydra barely misses you. x3
The six-headed hydra bites you but does no damage.
The six-headed hydra barely misses you. 😮 HP[+2]
You regained 2 hp, and now have 43/60 hp.
You sock the six-headed hydra! You bite the six-headed hydra!
You drain its power.
You feel invigorated. The six-headed hydra bites you!
You block the six-headed hydra's attack.
The six-headed hydra bites you but does no damage. x2
The six-headed hydra completely misses you.
The six-headed hydra bites you but does no damage.
The six-headed hydra bites you.
You block the six-headed hydra's attack.
The six-headed hydra closely misses you.
You block the six-headed hydra's attack.
The six-headed hydra barely misses you.
The six-headed hydra bites you but does no damage. 😮 HP[-8] MP[+1]
You take 8 damage, and now have 35/60 hp.
You sock the six-headed hydra!
The six-headed hydra bites you but does no damage. x2
The six-headed hydra bites you.
The six-headed hydra bites you but does no damage.
You block the six-headed hydra's attack.
The six-headed hydra bites you but does no damage.
You can now pass through a line of other dancers.
Unknown command.
You hit the six-headed hydra but do no damage.
The six-headed hydra closely misses you.
The six-headed hydra bites you but does no damage. x2
The six-headed hydra bites you.
The six-headed hydra bites you but does no damage. x2 😮 HP[-2] MP[+1]
You take 2 damage, and now have 33/60 hp.
You sock the six-headed hydra! Your bite misses the six-headed hydra.
The six-headed hydra barely misses you.
You block the six-headed hydra's attack.
The six-headed hydra bites you but does no damage.
The six-headed hydra bites you!
* * * LOW HITPOINT WARNING * * *
You block the six-headed hydra's attack.
The six-headed hydra bites you but does no damage.
The six-headed hydra bites you!
* * * LOW HITPOINT WARNING * * *
The six-headed hydra bites you.
* * * LOW HITPOINT WARNING * * *
The six-headed hydra closely misses you.
The six-headed hydra bites you.
* * * LOW HITPOINT WARNING * * *
The six-headed hydra bites you.
* * * LOW HITPOINT WARNING * * *
The six-headed hydra bites you but does no damage. 😱 HP[-23] MP[-6]
You take 23 damage, and now have 10/60 hp.
MASSIVE DAMAGE!! (PAUSE)
You lost 6 mp, and now have 4/11 mp.
Unknown command.
You stomp with the beat, sending a shockwave through the revellers around you!
You can no longer pass through a line of other dancers.
The six-headed hydra bites you!
You die...

Skill      XL: |  1  2  3  4  5  6  7  8  9 10 |
---------------+-------------------------------+-----
Stealth        | 2 |  2.4
Fighting       | 3 5 6 8 9 10 11 | 11.0
Armour         | 5 7 9 |  9.5
Short Blades   | |  1.7
Shields        | |  2.6

Action                   |  1- 3 |  4- 6 |  7- 9 | 10-12 || total
-------------------------+-------+-------+-------+-------++-------
Melee: Rapier            |   118 |    66 |       |       ||   184
       Bite              |    20 |    24 |    94 |    36 ||   174
       Flail             |       |     8 |   290 |   139 ||   437
Throw: Dart              |     4 |       |    14 |    10 ||    28
Invok: Stomp             |       |     1 |       |     1 ||     2
       Line Pass         |       |       |       |     2 ||     2
  Use: Potion            |       |     1 |     1 |     1 ||     3
       Scroll            |       |       |     6 |     6 ||    12
 Stab: Paralysed         |       |     1 |     8 |     1 ||    10
Armor: Scale mail        |     8 |       |       |       ||     8
       Plate armour      |    76 |    47 |   280 |   167 ||   570
Dodge: Dodged            |    31 |    28 |    94 |    85 ||   238
Block: Buckler           |    18 |    19 |    85 |    55 ||   177

Levels and vault maps discovered:
D:1:      matt_arrival_grand_opening, layout_rooms, serial_shops,
          nicolae_shop_waterfront, nicolae_diamond_shop,
          nicolae_shop_advertising_works [nicolae_subvault_shop_adworks], shop
D:2:      layout_loops_ring, basic_altar, serial_shops, shop,
          minmay_heptomino_h4
D:3:      layout_loops_ring, nicolae_overflow_ecumenical_swirl
D:4:      layout_basic, uniq_pikel
D:5:      wad_woods_settlement, layout_basic, mainiacjoe_overflow_brackets,
          mainiacjoe_overflow_boulevard, minmay_temple_entry_overgrown
D:6:      layout_loops_ring, lemuel_crystal_altar, gup_sewer_entry_pipe,
          minivault_22
D:7:      layout_loops_ring, kennysheep_little_box, serial_undead,
          serial_undead_d, serial_undead_c, serial_undead_b, serial_undead_e,
          hangedman_decor_points, lightli_church_of_beogh
D:8:      layout_basic, lair_entry_dummy, grunt_ministairs_10,
          nicolae_stop_n_shop_1, minmay_starry_boxes
D:9:      layout_loops_ring, zombieorc1_lemuel, hellmonk_ghost_happy_afterlife,
          kennysheep_island_fort
Lair:1:   gammafunk_cloud_chamber, layout_cave_pods

Notes
Turn   | Place    | Note
-------+----------+-------------------------------------------
     0 | D:1      | spaghetti the Vine Stalker Fighter began the quest for the
                  | Orb.
     0 | D:1      | Reached XP level 1. HP: 11/11 MP: 2/2
     0 | D:1      | magus.rc [v1.9.6]
    38 | D:1      | Reached skill level 1 in Stealth
   131 | D:1      | Found Koterr's Book Shop.
   148 | D:1      | Reached skill level 2 in Stealth
   148 | D:1      | Reached XP level 2. HP: 8/16 MP: 3/3
   367 | D:1      | Found Iliot's General Store.
   393 | D:1      | Found Ynoth's Magic Scroll Boutique.
   409 | D:1      | You pick up a book of Alchemy and begin reading...
   409 | D:1      | You add the spells Sublimation of Blood, Petrify and
                  | Irradiate to your library.
   421 | D:1      | Found Uzazuadgh's Jewellery Emporium.
   553 | D:1      | Reached skill level 3 in Fighting
   927 | D:2      | You pick up a book of Necromancy and begin reading...
   927 | D:2      | You add the spells Pain, Animate Skeleton and Vampiric
                  | Draining to your library.
   937 | D:2      | Reached XP level 3. HP: 17/20 MP: 4/4
   993 | D:2      | Found Diptel's General Store.
  1296 | D:2      | Found a hide-covered altar of Uskayaw.
  1784 | D:2      | Became a worshipper of Uskayaw the Reveller
  1976 | D:2      | Reached * piety under Uskayaw
  1978 | D:2      | Gained mutation: Your natural rate of healing is unusually
                  | fast. [Vine Stalker growth]
  1978 | D:2      | Reached XP level 4. HP: 23/25 MP: 5/5
  1991 | D:2      | Reached skill level 4 in Fighting
  2457 | D:3      | Reached ** piety under Uskayaw
  2593 | D:3      | You pick up a book of the Sky and begin reading...
  2593 | D:3      | You add the spells Summon Lightning Spire, Storm Form and
                  | Maxwell's Capacitive Coupling to your library.
  2615 | D:3      | Found a faded altar of an unknown god.
  2618 | D:3      | Found a stormy altar of Qazlal.
  3095 | D:5      | Entered Level 5 of the Dungeon
  3095 | D:5      | Found a hide-covered altar of Uskayaw.
  3112 | D:5      | Noticed a scorpion
  3117 | D:5      | You pick up a book of the Senses and begin reading...
  3117 | D:5      | You add the spells Dazzling Flash, Agony and Silence to
                  | your library.
  3122 | D:5      | Reached *** piety under Uskayaw
  3123 | D:5      | Killed a scorpion
  3124 | D:5      | Reached skill level 5 in Fighting
  3124 | D:5      | Reached XP level 5. HP: 30/30 MP: 6/6
  3144 | D:5      | Noticed a centaur
  3155 | D:5      | Killed a centaur
  3156 | D:5      | Reached XP level 6. HP: 20/36 MP: 7/7
  3201 | D:5      | Reached skill level 6 in Fighting
  3251 | D:5      | Reached XP level 7. HP: 20/41 MP: 6/8
  3318 | D:5      | Reached skill level 7 in Fighting
  3356 | D:5      | You pick up a book of Frost and begin reading...
  3356 | D:5      | You add the spells Freeze, Frozen Ramparts and Hailstorm to
                  | your library.
  3367 | D:5      | HP: 10/42 [poisoned by a gnoll]
  3371 | D:5      | HP: 4/42 [poisoned by a gnoll]
  3376 | D:5      | HP: 3/42 [poisoned by a gnoll]
  3606 | D:5      | Found a staircase to the Ecumenical Temple.
  3656 | D:5      | Found a blossoming altar of Fedhas.
  3727 | D:5      | You pick up a book of Weapons and begin reading...
  3727 | D:5      | You add the spells Portal Projectile, Excruciating Wounds
                  | and Blade Hands to your library.
  4085 | D:6      | Reached skill level 8 in Fighting
  4121 | D:6      | Gained mutation: You have razor-sharp teeth. [Vine Stalker
                  | growth]
  4121 | D:6      | Reached XP level 8. HP: 39/48 MP: 9/9
  4194 | D:6      | Reached skill level 3 in Armour
  4316 | D:6      | Found a burning altar of Makhleb.
  4476 | D:6      | Reached skill level 4 in Armour
  4573 | D:6      | Reached skill level 9 in Fighting
  4595 | D:6      | Found a glowing drain.
  4608 | Sewer    | Entered a sewer
  5044 | D:6      | Reached skill level 5 in Armour
  5044 | D:6      | Reached XP level 9. HP: 18/53 MP: 7/10
  5180 | D:7      | Found a runed translucent door.
  5289 | D:7      | Found an ancient bone altar of Kikubaaqudgha.
  5551 | D:7      | Reached skill level 6 in Armour
  5587 | D:7      | Reached **** piety under Uskayaw
  6146 | D:7      | Reached skill level 7 in Armour
  6150 | D:7      | HP: 12/54 [orc warrior/+3 flail of protection (10)]
  6153 | D:7      | Reached skill level 10 in Fighting
  6155 | D:7      | Reached ***** piety under Uskayaw
  6173 | D:7      | Reached ****** piety under Uskayaw
  6289 | D:8      | You pick up a book of Blasting and begin reading...
  6289 | D:8      | You add the spells Fulminant Prism, Iskenderun's Mystic
                  | Blast and Lee's Rapid Deconstruction to your library.
  6391 | D:8      | Noticed a hornet
  6410 | D:8      | Reached XP level 10. HP: 23/59 MP: 11/11
  6451 | D:8      | Reached skill level 8 in Armour
  6493 | D:8      | Found Heimoc's Antique Weapon Shop.
  6650 | D:8      | You pick up a book of Blood and begin reading...
  6650 | D:8      | You add the spells Wereblood and Summon Hydra to your
                  | library.
  6826 | D:8      | Found a staircase to the Lair.
  7103 | D:9      | Noticed a boulder beetle
  7122 | D:9      | Killed a boulder beetle
  7123 | D:9      | Reached skill level 9 in Armour
  7170 | D:8      | HP: 13/60 [poisoned by a kobold brigand (curare-tipped
                  | dart)]
  7175 | D:8      | HP: 11/60 [poisoned by a kobold brigand (curare-tipped
                  | dart)]
  7252 | Lair:1   | Entered Level 1 of the Lair of Beasts
  7377 | Lair:1   | Found a transporter.
  7440 | Lair:1   | Reached skill level 11 in Fighting
  7688 | Lair:1   | Noticed a six-headed hydra
  7698 | Lair:1   | HP: 15/60 [six-headed hydra (3)]
  7699 | Lair:1   | Slain by a six-headed hydra

Vanquished Creatures
  A boulder beetle (D:9)
  A komodo dragon (Lair:1)
  A hornet (D:8)
  3 yaks (D:8)
  An acid dragon (D:8)
  2 water moccasins
  2 black bears
  3 sky beasts
  4 orc warriors
  An ice beast (D:6)
  2 ogres
  5 centaurs
  11 bullfrogs
  A gnoll sergeant (D:8)
  4 necrophages (D:7)
  4 scorpions
  2 wights (D:7)
  11 killer bees (D:8)
  A howler monkey (D:8)
  3 hounds (D:6)
  3 jellies
  2 orc priests
  2 iguanas
  6 orc wizards
  A howler monkey zombie (D:7)
  12 gnolls
  3 adders
  3 river rats (D:5)
  A shadow imp (D:6)
  A white imp (D:7)
  5 ufetubi
  A worm (D:2)
  4 dart slugs
  31 orcs
  12 ball pythons
  12 endoplasms
  9 giant cockroaches
  5 goblins
  4 hobgoblins
  7 jackals
  3 kobolds
  9 quokkas
  5 bats
  9 frilled lizards
  6 rats
219 creatures vanquished.

Vanquished Creatures (others)
  6 plants (D:5)
  3 withered plants (D:7)
9 creatures vanquished.

Grand Total: 228 creatures vanquished

Table legend:
 A = Non-vault XP
 B = Vault XP
 C = Vault XP percentage of total XP
 D = Non-vault monster count
 E = Vault monster count
 F = Vault count percentage of total count
                 A         B        C        D         E       F
            +---------+---------+-------+---------+---------+-------
      Total |    5268 |    3262 |  38.2 |     127 |      92 |  42.0
            +---------+---------+-------+---------+---------+-------
        D:1 |      28 |       0 |   0.0 |      16 |       0 |   0.0
        D:2 |      64 |       8 |  11.1 |      20 |       4 |  16.7
        D:3 |      35 |       0 |   0.0 |      13 |       0 |   0.0
        D:5 |     696 |     190 |  21.4 |      14 |       6 |  30.0
        D:6 |    1271 |      10 |   0.8 |      23 |       5 |  17.9
        D:7 |     817 |    1102 |  57.4 |       9 |      32 |  78.0
        D:8 |    1914 |     721 |  27.4 |      30 |      12 |  28.6
        D:9 |       0 |    1009 | 100.0 |       0 |       3 | 100.0
     Lair:1 |     443 |       0 |   0.0 |       2 |       0 |   0.0
      Sewer |       0 |     222 | 100.0 |       0 |      30 | 100.0
            +---------+---------+-------+---------+---------+-------

Illustrated notes

Table legend:
 A = Kills in this place as a percentage of kills in entire the game.
 B = Kills by you in this place as a percentage of kills by you in the entire game.
 C = Kills by friends in this place as a percentage of kills by friends in the entire game.
 D = Other kills in this place as a percentage of other kills in the entire game.
 E = Experience gained in this place as a percentage of experience gained in the entire game.
 F = Experience gained in this place divided by the number of levels of this place that you have seen.
                   A       B       C       D       E      F
               +-------+-------+-------+-------+-------+----------------------
         Total | 100.0 | 100.0 |   N/A | 100.0 | 100.0 | 775.5
       Dungeon |  85.4 |  85.3 |   N/A | 100.0 |  92.2 | 873.9
          Lair |   0.9 |   0.9 |   N/A |   0.0 |   5.2 | 443.0
         Sewer |  13.7 |  13.8 |   N/A |   0.0 |   2.6 | 222.0
               +-------+-------+-------+-------+-------+----------------------

Table legend: (Time is in decaauts)
 A = Elapsed time spent in this place.
 B = Non-inter-level travel time spent in this place.
 C = Inter-level travel time spent in this place.
 D = Time resting spent in this place.
 E = Time spent auto-exploring this place.
 F = Levels seen in this place.
 G = Mean time per level.
                   A        B        C        D        E       F      G
               +--------+--------+--------+--------+--------+-----+--------+
         Total |   8023 |   7697 |    326 |   1031 |   4957 |  11 |  729.4 |
       Dungeon |   7108 |   6782 |    326 |    931 |   4394 |   9 |  789.8 |
          Lair |    455 |    455 |      0 |      0 |    408 |   1 |  455.0 |
         Sewer |    460 |    460 |      0 |    100 |    154 |   1 |  460.0 |
               +--------+--------+--------+--------+--------+-----+--------+

Top non-repeatable levels by time:
     D:2: 1488 daAuts
     D:7: 1102 daAuts
     D:5: 990 daAuts
     D:8: 971 daAuts
     D:1: 929 daAuts
     D:6: 842 daAuts
     D:3: 665 daAuts
   Sewer: 460 daAuts
  Lair:1: 455 daAuts
     D:9: 80 daAuts
     D:4: 38 daAuts
